 Dungeon Crawl Stone Soup version 0.26.1-11-gd32895ea62 (webtiles) character file.

Game seed: 6252604396323771860

7779 bnorton916 the Destroyer (level 11, -6/69 HPs)
             Began as a Barachi Ice Elementalist on June 3, 2021.
             Was a High Priest of Cheibriados.
             Mangled by a boulder beetle (9 damage)
             ... on level 11 of the Dungeon.
             The game lasted 00:33:33 (12506 turns).

bnorton916 the Destroyer (BaIE)                    Turns: 12506, Time: 00:33:34

Health: -6/69      AC: 15    Str: 22    XL:     11   Next: 20%
Magic:  16/21      EV: 13    Int: 31    God:    Cheibriados [*****.]
Gold:   140        SH:  0    Dex: 27    Spells: 7/23 levels left

rFire    + . .     SeeInvis .   B - +7 trident of the Postmodern Tusks {freeze, +Blink rF+ Dex+3}
rCold    . . .     Faith    .   (no shield)
rNeg     . . .     Spirit   .   k - +3 leather armour
rPois    .         Reflect  .   z - +0 helmet
rElec    .         Harm     .   s - scarf {repulsion}
rCorr    .         Rampage  .   F - +0 pair of gloves
Will     .....                  (no boots)
Stlth    ++........             e - amulet of magic regeneration
HPRegen  0.21/turn              (no ring)
MPRegen  0.42/turn              N - ring of wizardry

@: icy armour, frozen ramparts, repel missiles, very slow
A: +LOS, swims, slowness 1, strong legs 1
a: Hop, Renounce Religion, Evoke Blink, Bend Time, Temporal Distortion, Slouch,
Step From Time


You were on level 11 of the Dungeon.
You worshipped Cheibriados.
Cheibriados was extremely pleased with you.
You visited 2 branches of the dungeon, and saw 12 of its levels.

You collected 428 gold pieces.
You spent 288 gold pieces at shops.

Inventory:

Hand Weapons
 v - a +1 falchion
 y - a +2 whip of venom
 B - the +7 trident of the Postmodern Tusks (weapon) {freeze, +Blink rF+ Dex+3}
   (You found it on level 5 of the Dungeon)

   It has been specially enchanted to freeze those struck by it, causing extra
   injury to most foes and up to half again as much damage against particularly
   susceptible opponents.
   It can also slow down cold-blooded creatures.
   It affects your dexterity (+3).
   It protects you from fire.
   It lets you blink.
Missiles
 l - 2 silver javelins (quivered)
 r - 5 atropa-tipped darts
 L - 8 curare-tipped darts
Armour
 a - a +0 cloak
 k - a +3 leather armour (worn)
 s - a scarf of repulsion (worn)
 z - a +0 helmet (worn)
 F - a +0 pair of gloves (worn)
 G - a +0 chain mail of poison resistance
Jewellery
 e - an amulet of magic regeneration (around neck)
 p - an uncursed amulet of the acrobat
 u - an uncursed amulet of faith
 N - a ring of wizardry (right hand)
Wands
 H - a wand of acid (7)
 I - a wand of iceblast (5)
 K - a wand of flame (14)
Scrolls
 f - 5 scrolls of teleportation
 h - 2 scrolls of remove curse
 i - 5 scrolls of blinking
 j - a scroll of fog
 n - a scroll of magic mapping {unknown}
 o - 2 scrolls of enchant weapon
 q - 2 scrolls of enchant armour
 t - 4 scrolls of immolation
 A - a scroll of noise
 C - a scroll of fear {unknown}
 D - a scroll of brand weapon
 O - a scroll of identify
Potions
 b - a potion of lignification {unknown}
 c - 4 potions of curing
 d - 3 potions of degeneration
 g - a potion of resistance {unknown}
 m - 3 potions of brilliance
 w - 4 potions of heal wounds
 x - 2 potions of ambrosia
 E - 3 potions of magic
 J - a potion of flight


   Skills:
 + Level 0.8 Fighting
 - Level 4.0 Armour
 + Level 2.4 Dodging
 - Level 1.7 Stealth
 - Level 6.7 Spellcasting
 - Level 10.5 Conjurations
 - Level 9.8 Summonings
 - Level 6.7 Ice Magic
 - Level 6.7 Invocations


You had 7 spell levels left.
You knew the following spells:

 Your Spells              Type           Power        Failure   Level
a - Freeze                Ice            100%         1%          1
b - Frozen Ramparts       Ice            100%         1%          3
c - Ozocubu's Armour      Ice            51%          1%          3
d - Summon Ice Beast      Ice/Summ       58%          1%          4
e - Hailstorm             Conj/Ice       59%          1%          4
f - Corona                Hex            11%          2%          1

Your spell library contained the following spells:

 Spells                   Type           Power        Failure   Level
 Animate Skeleton         Necr           20%          2%          1
 Pain                     Necr           40%          2%          1
 Slow                     Hex            10%          3%          2
 Inner Flame              Hex/Fire       10%          6%          3
 Portal Projectile        Hex/Tloc       20%          6%          3
 Vampiric Draining        Necr           5%           6%          3
 Animate Dead             Necr           5%           21%         4
 Cause Fear               Hex            5%           21%         4
 Leda's Liquefaction      Hex/Erth       5%           21%         4
 Agony                    Necr           10%          47%         5


Dungeon Overview and Level Annotations

Branches:
Dungeon (11/15)            Temple (0/1) D:5            Lair (1/6) D:8
    Orc: D:9-12

Altars:
Cheibriados
Fedhas
Gozag
Hepliaklqana
Kikubaaqudgha
Trog
Xom
Yredelemnul
Zin

Shops:
D:8 !   D:11 *

Annotations:
D:2 Natasha


Innate Abilities, Weirdness & Mutations

You can be seen from farther away. (+LOS)
You can swim through water.
You cover ground slowly.
You can hop short distances.


Message History

The boulder beetle completely misses you.
Casting: Frozen Ramparts (safe; 1% risk of failure)
Confirm with . or Enter, or press ? or * to list all spells.
Aiming: Freeze (safe; 1% risk of failure)
Press: ? - help, Shift-Dir - straight line, f - boulder beetle
Aim: a boulder beetle (moderately wounded)
You freeze the boulder beetle.
The boulder beetle is moderately wounded.
The wall freezes the boulder beetle!
The boulder beetle bites you!
Casting: Freeze (safe; 1% risk of failure)
Confirm with . or Enter, or press ? or * to list all spells.
A film of ice covers your body!
The wall freezes the boulder beetle.
The boulder beetle bites you but does no damage.
The wall freezes the boulder beetle.
The boulder beetle bites you!!
You hit the boulder beetle but do no damage.
The boulder beetle is heavily wounded.
The wall freezes the boulder beetle!
The boulder beetle bites you!!
* * * LOW HITPOINT WARNING * * *
The wall freezes the boulder beetle.
The boulder beetle bites you!
You die...

###.##..#.....#.#
#...##..##..#.#.#
#.####..##..#.#.#
#.####..##..#.#.#
#.##.....#..#.#.#
#.##)...........#
#.##......##....#
#.#≈≈≈....##.##.#
#((≈≈≈≈...##.##@#
#(≈≈∩≈≈##.##.##B#
#.≈)=≈≈.#.##.##†#
###≈.≈#.#.##.##.#
##.##.#.##.##.#
#....#.......#
####.####.##.#
#.# #.# #.# ..#


You could see a boulder beetle.

Vanquished Creatures
  An unseen horror (D:8)
  Pikel (D:4)
  An ugly thing (D:11)
  A centaur zombie (D:10)
  A komodo dragon (D:8)
  A kobold demonologist (D:7)
  A yak (D:8)
  4 orc warriors
  An ice beast (D:11)
  3 sky beasts
  3 phantoms
  An ogre (D:8)
  An eye of draining (D:10)
  3 centaurs
  A lemure (D:4)
  A big kobold (D:10)
  5 bullfrogs
  A wyvern skeleton (D:11)
  3 scorpions
  13 killer bees
  A wight (D:7)
  6 hounds
  9 orc priests
  Crazy Yiuf (D:2)
  2 jellies
  A bullfrog skeleton (D:8)
  5 iguanas
  Natasha (twice) (D:2)
  7 orc wizards
  8 worker ants
  A hound skeleton (D:6)
  A howler monkey zombie (D:8)
  Robin (D:4)
  4 gnolls (D:8)
  12 adders
  7 shadow imps
  A white imp (D:8)
  2 ufetubi (D:7)
  An ooze (D:1)
  2 adder zombies
  3 adder skeletons
  3 worms
  2 dart slugs
  6 leopard geckos
  36 orcs
  8 giant cockroaches
  17 goblins
  14 hobgoblins
  4 quokkas
  3 ball pythons
  9 bats
  2 frilled lizards (D:3)
  A jackal zombie (D:8)
  13 kobolds
  2 leopard gecko skeletons
  2 leopard gecko zombies
  A quokka skeleton (D:4)
  2 quokka zombies (D:8)
  4 rats
253 creatures vanquished.

Vanquished Creatures (collateral kills)
  Snorg (D:11)
  Joseph (D:8)
  A troll (D:11)
  A water moccasin (D:11)
  A sky beast (D:10)
  2 ice beasts
  An ogre (D:11)
  8 wights
  A quasit (D:9)
  A killer bee zombie (D:8)
  A shadow imp (D:7)
19 creatures vanquished.

Vanquished Creatures (others)
  45 plants
45 creatures vanquished.

Grand Total: 317 creatures vanquished

Notes
Turn   | Place    | Note
-------+----------+-------------------------------------------
     0 | D:1      | bnorton916 the Barachi Ice Elementalist began the quest for
                  | the Orb.
     0 | D:1      | Reached XP level 1. HP: 13/13 MP: 3/3
     4 | D:1      | Noticed an electric eel
     5 | D:1      | Noticed an electric eel
   112 | D:1      | Reached skill level 5 in Ice Magic
   149 | D:1      | Reached XP level 2. HP: 18/19 MP: 1/5
   743 | D:1      | Reached XP level 3. HP: 23/24 MP: 4/7
   750 | D:1      | Learned a level 3 spell: Frozen Ramparts
   754 | D:1      | Learned a level 3 spell: Ozocubu's Armour
   963 | D:2      | Noticed Natasha
   994 | D:2      | Killed Natasha
  1140 | D:2      | Found a faded altar of an unknown god.
  1218 | D:2      | Reached XP level 4. HP: 22/30 MP: 6/9
  1409 | D:2      | Found an ancient bone altar of Kikubaaqudgha.
  1409 | D:2      | Found a snail-covered altar of Cheibriados.
  1423 | D:2      | Found a basalt altar of Yredelemnul.
  1423 | D:2      | Found a hazy altar of Hepliaklqana.
  1431 | D:2      | Became a worshipper of Cheibriados the Contemplative
  1435 | D:2      | Noticed Natasha
  1449 | D:2      | Killed Natasha
  1733 | D:2      | Noticed Natasha
  1910 | D:2      | Found a runed translucent door.
  1911 | D:2      | Noticed Crazy Yiuf
  2048 | D:3      | Reached XP level 5. HP: 35/35 MP: 7/10
  2242 | D:3      | Reached * piety under Cheibriados
  2809 | D:4      | Noticed a sky beast
  2822 | D:4      | Killed a sky beast
  2823 | D:4      | Reached XP level 6. HP: 36/41 MP: 7/12
  2870 | D:3      | Learned a level 4 spell: Summon Ice Beast
  2910 | D:4      | Noticed Robin
  2929 | D:4      | Killed Robin
  3069 | D:4      | Reached ** piety under Cheibriados
  3076 | D:4      | Reached skill level 1 in Summonings
  3357 | D:4      | Found a shimmering altar of Xom.
  3473 | D:4      | Noticed Pikel
  3487 | D:4      | Killed Pikel
  3488 | D:4      | Reached skill level 5 in Spellcasting
  3488 | D:4      | Reached XP level 7. HP: 30/46 MP: 6/15
  3595 | D:4      | Learned a level 4 spell: Hailstorm
  3823 | D:4      | Reached skill level 5 in Summonings
  3823 | D:4      | Reached XP level 8. HP: 52/52 MP: 14/16
  4228 | D:2      | Killed Crazy Yiuf
  4343 | D:5      | Entered Level 5 of the Dungeon
  4378 | D:5      | Got a bone trident
  4700 | D:4      | Identified the +7 trident of the Postmodern Tusks {freeze,
                  | +Blink rF+ Dex+3} (You found it on level 5 of the Dungeon)
  4713 | D:5      | Reached *** piety under Cheibriados
  5138 | D:5      | Found a staircase to the Ecumenical Temple.
  5566 | D:6      | Reached skill level 1 in Conjurations
  5641 | D:6      | Reached skill level 2 in Conjurations
  6065 | D:6      | Reached skill level 3 in Conjurations
  6103 | D:6      | Reached **** piety under Cheibriados
  6244 | D:6      | Reached XP level 9. HP: 57/57 MP: 12/19
  6537 | D:7      | Reached skill level 4 in Conjurations
  6564 | D:7      | Found a transporter.
  6568 | D:7      | Noticed a kobold demonologist
  6580 | D:7      | Found a transporter.
  6676 | D:7      | Reached skill level 5 in Conjurations
  7343 | D:7      | Reached skill level 6 in Conjurations
  7380 | D:7      | Reached ***** piety under Cheibriados
  8331 | D:7      | Noticed a hellwing
  8332 | D:7      | Killed a kobold demonologist
  8333 | D:7      | Reached skill level 7 in Conjurations
  8333 | D:7      | Reached skill level 1 in Invocations
  8439 | D:7      | Reached XP level 10. HP: 49/63 MP: 20/20
  8654 | D:8      | Noticed Joseph
  8669 | D:8      | Killed Joseph
  8796 | D:8      | Found a staircase to the Lair.
  8813 | D:8      | Reached skill level 8 in Conjurations
  8923 | Lair:1   | Entered Level 1 of the Lair of Beasts
  9187 | D:8      | Found a bloodstained altar of Trog.
  9305 | D:8      | Found a blossoming altar of Fedhas.
  9358 | D:8      | Found Ithrob's Distillery.
  9361 | D:8      | Bought a potion of flight for 36 gold pieces
  9619 | D:8      | Killed an unseen horror
 10067 | D:9      | Reached skill level 9 in Conjurations
 10191 | D:9      | Learned a level 1 spell: Corona
 10267 | D:9      | Found an opulent altar of Gozag.
 10509 | D:9      | Reached ****** piety under Cheibriados
 10649 | D:9      | Reached skill level 5 in Invocations
 10879 | D:10     | Entered Level 10 of the Dungeon
 10920 | D:10     | Found a glowing silver altar of Zin.
 11520 | D:10     | Reached skill level 10 in Conjurations
 11535 | D:10     | Reached XP level 11. HP: 61/68 MP: 18/21
 11694 | D:11     | Noticed a red ugly thing
 11701 | D:11     | Killed a red ugly thing
 12176 | D:11     | Found Zapsau's Assorted Antiques.
 12184 | D:11     | Noticed a centaur warrior
 12341 | D:11     | Noticed Snorg
 12375 | D:11     | Killed Snorg
 12438 | D:11     | Bought a scratched tourmaline ring for 105 gold pieces
 12438 | D:11     | Bought a notched cabochon ring for 105 gold pieces
 12438 | D:11     | Bought a scroll of identify for 42 gold pieces
 12493 | D:11     | Noticed a boulder beetle
 12506 | D:11     | HP: 3/69 [boulder beetle (18)]
 12506 | D:11     | Mangled by a boulder beetle

Illustrated notes

Levels and vault maps discovered:
D:1:      arrival_aquarium_b, layout_loops_ring, serial_bayou,
          serial_bayou_lagoon_a, serial_bayou_pond_b, serial_bayou_shore_b,
          serial_bayou_pond_e, serial_bayou_ford_a
D:2:      layout_loops_ring, grunt_temple_overflow_open,
          chequers_ecumenical_altar_simple_redux, uniq_crazy_yiuf_cottage,
          uniq_natasha
D:3:      layout_rooms, roderic_lattice_a, minmay_bisected
D:4:      layout_basic, tgw_xom, uniq_robin, uniq_pikel
D:5:      layout_rooms, minmay_temple_entry_overgrown
D:6:      layout_basic
D:7:      gammafunk_wand_slinger, layout_basic
D:8:      layout_loops_ring, nicolae_overflow_hidden_temple,
          lemuel_crystal_altar, david_lair_shrubbed, serial_shops,
          kennysheep_mini_moat, uniq_joseph
D:9:      layout_irregular_city, nicolae_gozag_seed_capital
D:10:     layout_roguey, basic_altar
D:11:     nzn_winding_woodlands_small [nzn_winding_woodlands_5x15_split_checker,
          nzn_winding_woodlands_center_garden,
          nzn_winding_woodlands_5x15_pathside_ponds], layout_loops_ring,
          orc_0_dummy, serial_shops, shop, nicolae_shop_waterfront, shop, shop,
          uniq_snorg
Lair:1:   layout_roguey

Skill      XL: |  1  2  3  4  5  6  7  8  9 10 |
---------------+-------------------------------+-----
Ice Magic      | 5 6 |  6.7
Spellcasting   | 3 4 5 6 |  6.7
Armour         | 2 4 |  4.0
Summonings     | 4 5 7 9 |  9.8
Conjurations   | 3 7 10 | 10.5
Invocations    | 2 6 |  6.7
Fighting       | |  0.8
Dodging        | |  2.4
Stealth        | |  1.7

Action                   |  1- 3 |  4- 6 |  7- 9 | 10-12 || total
-------------------------+-------+-------+-------+-------++-------
Melee: Unarmed           |     9 |     1 |       |       ||    10
       Falchion          |       |     5 |     7 |       ||    12
       Trident           |       |       |   118 |    94 ||   212
Throw: Javelin           |       |       |     4 |     3 ||     7
 Cast: Freeze            |    40 |    62 |    52 |    29 ||   183
       Frozen Ramparts   |       |    13 |    18 |    28 ||    59
       Ozocubu's Armour  |       |     5 |     7 |     4 ||    16
       Summon Ice Beast  |       |       |    15 |    32 ||    47
       Hailstorm         |       |       |       |     2 ||     2
 Abil: Hop               |       |       |       |     7 ||     7
Evoke: Wand              |       |       |     6 |       ||     6
  Use: Potion            |       |     2 |       |       ||     2
       Scroll            |       |     1 |     6 |     8 ||    15
 Stab: Sleeping          |       |       |     2 |     2 ||     4
       Distracted        |       |       |     1 |     1 ||     2
Armor: Robe              |     8 |     6 |       |       ||    14
       Leather armour    |       |    28 |    91 |    62 ||   181
Dodge: Dodged            |    25 |    52 |   137 |   119 ||   333
       Repelled          |       |       |     1 |     4 ||     5
       Rpst.: Falchion   |       |     3 |     3 |       ||     6
